 Dungeon Crawl Stone Soup version 0.31.0-11-ge490571c62 (webtiles) character file.

Game seed: 15302061432698291518

832 ces the Digger (level 7, -2/36 HPs)
             Began as a Gargoyle Earth Elementalist on Feb 2, 2024.
             Slain by a two-headed ogre
             ... wielding a +0 giant spiked club
              (12 damage)
             ... on level 4 of the Dungeon.
             The game lasted 00:12:44 (3951 turns).

ces the Digger (Gargoyle Earth Elementalist)        Turns: 3951, Time: 00:12:45

Health: -2/36      AC:  6    Str: 11    XL:     7   Next: 98%
Magic:  10/22      EV: 12    Int: 18    God:
Gold:   184        SH:  0    Dex: 10    Spells: 7/14 levels left

rFire   . . .        l - +2 dagger (venom)
rCold   . . .        (no shield)
rNeg    + . .        a - +0 robe
rPois   ∞            (no helmet)
rElec   +            (no cloak)
rCorr   .            (no gloves)
SInv    .            (no boots)
Will    .....        d - amulet of magic regeneration
Stlth   +++          f - ring of magical power
HPRegen 0.26/turn    (no ring)
MPRegen 0.58/turn

%: no passive effects
@: very slightly contaminated
A: sickness immunity, AC +4, negative energy resistance 1, electricity
resistance, torment resistance 1, petrification resistance
a: no special abilities


You were on level 4 of the Dungeon.
You visited 1 branch of the dungeon, and saw 4 of its levels.

You collected 184 gold pieces.

Inventory:

Hand Weapons
 l - a +2 dagger of venom (weapon)
Armour
 a - a +0 robe (worn)
Jewellery
 d - an amulet of magic regeneration (around neck)
 f - a ring of magical power (left hand)
 o - an amulet of faith
Wands
 i - a wand of iceblast (12)
 n - a wand of charming (4)
Scrolls
 c - 3 scrolls of immolation
 e - a scroll of butterflies {unknown}
 g - a scroll of fog {unknown}
 h - 2 scrolls of identify {unknown}
 k - 2 scrolls of vulnerability
 m - a scroll of revelation {unknown}
Potions
 b - a potion of magic


   Skills:
 + Level 2.0 Short Blades
 + Level 3.2 Dodging
 * Level 5.3 Stealth
 + Level 4.0 Spellcasting
 - Level 2.6 Conjurations
 * Level 6.1 Earth Magic


You had 7 spell levels left.
You knew the following spells:

 Your Spells              Type           Power      Damage    Failure   Level
a - Sandblast             Erth           50%        2d12      1%          1
b - Passwall              Erth           25%        N/A       3%          3
c - Stone Arrow           Conj/Erth      38%        3d9       7%          3

Your spell library contained the following spells:

 Spells                   Type           Power      Damage    Failure   Level
 Apportation              Tloc           6%         N/A       14%         1
 Freeze                   Ice            12%        1d3       14%         1
 Jinxbite                 Hex            6%         N/A       22%         2
 Brom's Barrelling Bould  Conj/Erth      19%        2d4       24%         4
 Hailstorm                Conj/Ice       8%         3d5       26%         3
 Petrify                  Alch/Erth      14%        N/A       38%         4
 Frozen Ramparts          Ice            6%         1d1       41%         3
 Ignite Poison            Fire/Alch      3%         N/A       82%         4
 Freezing Cloud           Conj/Ice/Air   3%         6-21      96%         5
 Alistair's Intoxication  Alch           2%         N/A       99%         5
 Cigotuvi's Dreadful Rot  Necr/Alch/Air  Unusable   N/A       N/A         2

Dungeon Overview and Level Annotations

Branches:
Dungeon (4/15)
 Temple: D:4-7

Altars:
Ru
Yredelemnul

Shops:
D:2 [

Annotations:
D:2 1 runed translucent door, Crazy Yiuf


Innate Abilities, Weirdness & Mutations

You are immune to sickness and miasma.
Your stone body is resilient. (AC +4)
You are immune to poison.
You resist negative energy. (rN+)
You are resistant to electric shocks. (rElec)
You are resistant to unholy torment.
You are immune to petrification.


Message History

Aim: a two-headed ogre, wielding a +0 giant spiked club and a +0 dire flail (wandering, hasn't noticed you, 85% to hit)
The stone arrow hits the two-headed ogre!
The two-headed ogre is moderately wounded.
The two-headed ogre shouts in stereo!
You hear a shout!
Casting: Stone Arrow (dangerous; 7% risk of failure)
Confirm with . or Enter, or press ? or * to list all spells.
Aiming: Stone Arrow (dangerous; 7% risk of failure)
Press: ? - help, Shift-Dir - straight line, f/p - two-headed ogre
Aim: a two-headed ogre, wielding a +0 giant spiked club and a +0 dire flail (moderately wounded, 85% to hit)
The stone arrow hits the two-headed ogre!
The two-headed ogre is heavily wounded.
Casting: Stone Arrow (dangerous; 7% risk of failure)
Confirm with . or Enter, or press ? or * to list all spells.
Aiming: Stone Arrow (dangerous; 7% risk of failure)
Press: ? - help, Shift-Dir - straight line, f/p - two-headed ogre
Aim: a two-headed ogre, wielding a +0 giant spiked club and a +0 dire flail (heavily wounded, 85% to hit)
The stone arrow hits the two-headed ogre!
The two-headed ogre is severely wounded.
The two-headed ogre barely misses you.
The two-headed ogre hits you with a +0 dire flail!
Casting: Stone Arrow (dangerous; 7% risk of failure)
Confirm with . or Enter, or press ? or * to list all spells.
Aiming: Stone Arrow (dangerous; 7% risk of failure)
Press: ? - help, Shift-Dir - straight line, f/p - two-headed ogre
Aim: a two-headed ogre, wielding a +0 giant spiked club and a +0 dire flail (severely wounded, 85% to hit)
The stone arrow hits the two-headed ogre!
The two-headed ogre is almost dead.
Casting: Stone Arrow (dangerous; 7% risk of failure)
Confirm with . or Enter, or press ? or * to list all spells.
Aiming: Stone Arrow (dangerous; 7% risk of failure)
Press: ? - help, Shift-Dir - straight line, f/p - two-headed ogre
Aim: a two-headed ogre, wielding a +0 giant spiked club and a +0 dire flail (almost dead, 85% to hit)
You miscast Stone Arrow.
You are very lightly contaminated with residual magic.
Nothing appears to happen.
The two-headed ogre hits you with a +0 giant spiked club!!
Ouch! That really hurt!
* * * LOW HITPOINT WARNING * * *
The two-headed ogre hits you with a +0 dire flail!
You die...

.###'##+ #......... ##.....#
#.......... ##.....#
##.....?..# .+##+##+
.........
.#.[#.....#..###...#.#
.#.†#+###+#..#.......#
.#.)#.....#..#.......###
.+.)+.._..+..+...O##...#
.#..#.....#..#..@..#.#..#
.#B.#+###)#..#.....#)# ##
.#..#...).#..#.....#.####...
.'##+##+##'##'...........[..
.#.....#..(..#...###.####...
.#.....#.....#..####.#
.###'##+##'###....##.#
..#..#..#.).......##.#
..........†...†...##.#


You could see a two-headed ogre.

Vanquished Creatures
  Grinder (D:4)
  A water moccasin (D:4)
  A phantom (D:3)
  A kobold brigand (D:4)
  A hound (D:4)
  An orc priest (D:4)
  4 bombardier beetles
  Jessica (D:3)
  An orc wizard (D:2)
  Robin (D:2)
  4 adders
  2 dart slugs
  A ribbon worm (D:2)
  7 orcs
  6 ball pythons
  4 bats
  4 endoplasms
  6 giant cockroaches
  14 goblins
  11 hobgoblins
  5 jackals
  2 quokkas
  4 frilled lizards
  4 kobolds
  5 rats
92 creatures vanquished.

Notes
Turn   | Place    | Note
-------+----------+-------------------------------------------
     0 | D:1      | ces the Gargoyle Earth Elementalist began the quest for the
                  | Orb.
     0 | D:1      | Reached XP level 1. HP: 10/10 MP: 3/3
   142 | D:1      | Reached XP level 2. HP: 15/15 MP: 3/5
   609 | D:1      | Found a faded altar of an unknown god.
   723 | D:1      | Reached XP level 3. HP: 19/19 MP: 3/6
  1129 | D:2      | Reached skill level 4 in Earth Magic
  1444 | D:2      | Found Momafa's Antique Armour Emporium.
  1464 | D:2      | Reached XP level 4. HP: 24/24 MP: 7/7
  1610 | D:2      | Noticed Robin
  1835 | D:2      | Killed Robin
  1876 | D:2      | Found a runed translucent door.
  1877 | D:2      | Noticed Crazy Yiuf
  2067 | D:3      | Reached XP level 5. HP: 28/28 MP: 9/9
  2076 | D:3      | Noticed Jessica
  2428 | D:3      | Killed Jessica
  3457 | D:4      | Noticed a phantom
  3467 | D:3      | Killed a phantom
  3468 | D:3      | Reached XP level 6. HP: 25/32 MP: 11/11
  3618 | D:4      | Found a sacrificial altar of Ru.
  3644 | D:4      | Reached skill level 1 in Short Blades
  3644 | D:4      | Reached skill level 5 in Earth Magic
  3732 | D:4      | Noticed a water moccasin
  3738 | D:4      | Killed a water moccasin
  3739 | D:4      | Reached XP level 7. HP: 27/36 MP: 12/12
  3786 | D:4      | Learned a level 3 spell: Passwall
  3790 | D:4      | Learned a level 3 spell: Stone Arrow
  3847 | D:4      | Found a basalt altar of Yredelemnul.
  3901 | D:4      | Noticed Grinder
  3911 | D:4      | Killed Grinder
  3912 | D:4      | Reached skill level 5 in Stealth
  3912 | D:4      | Reached skill level 6 in Earth Magic
  3912 | D:4      | Noticed a two-headed ogre
  3951 | D:4      | Slain by a two-headed ogre

Illustrated notes

Levels and vault maps discovered:
D:1:      ncdulo_lavacross, layout_basic,
          hellmonk_ecumenical_altar_defaced_shrine, minmay_misc_feat_plants
D:2:      layout_loops_ring, serial_shops, nicolae_shop_crystal, uniq_robin,
          uniq_crazy_yiuf_cottage
D:3:      layout_loops_ring, uniq_jessica
D:4:      layout_rooms, mainiacjoe_overflow_24_doors,
          nicolae_overflow_crystal_walls, mainiacjoe_overflow_two_lobes,
          uniq_grinder

Skill      XL: |  1  2  3  4  5  6  7 |
---------------+----------------------+-----
Earth Magic    | 4 5 6 |  6.1
Conjurations   | 2 |  2.6
Dodging        | 2 3 |  3.2
Stealth        | 3 4 5 |  5.3
Spellcasting   | 3 4 |  4.0
Short Blades   | 1 2 |  2.0

Action                     |  1- 3 |  4- 6 |  7- 9 || total
---------------------------+-------+-------+-------++-------
  Melee: Unarmed           |     4 |     5 |       ||     9
         Dagger            |       |    13 |     1 ||    14
   Cast: Sandblast         |    47 |    98 |     5 ||   150
         Stone Arrow       |       |       |    19 ||    19
    Use: Scroll            |     2 |       |       ||     2
         Potion            |       |     2 |       ||     2
   Stab: Sleeping          |       |     3 |       ||     3
 Armour: Robe              |     9 |    70 |     6 ||    85
  Dodge: Dodged            |    18 |    59 |     8 ||    85
